 Dungeon Crawl Stone Soup version 0.21-a0-201-g8501b10 (webtiles) character file.

282 CanOfBees the Skirmisher (level 6, -16/40 HPs)
             Began as a Gargoyle Fighter on Aug 17, 2017.
             Killed by divine providence
             ... invoked by an orc priest
              (17 damage)
             ... on level 3 of the Dungeon.
             The game lasted 00:03:37 (2196 turns).

CanOfBees the Skirmisher (Gargoyle Fighter)         Turns: 2196, Time: 00:03:38

Health: -16/40     AC: 13    Str: 22    XL:     6   Next: 28%
Magic:  6/6        EV:  8    Int:  8    God:
Gold:   193        SH:  9    Dex:  9    Spells: 5/5 levels left

rFire    . . .     SeeInvis .   a - +0 flail
rCold    . . .     Gourm    .   c - +0 shield
rNeg     + . .     Faith    .   b - +0 scale mail
rPois    ∞         Spirit   .   (no helmet)
rElec    +         Reflect  .   d - +0 cloak {MR+}
rCorr    .         Harm     .   (no gloves)
MR       +....                  j - +0 pair of boots
Stlth    ..........             (no amulet)
HPRegen  0.13/turn              (no ring)
MPRegen  0.10/turn              (no ring)

@: no status effects
A: negative energy resistance 1, electricity resistance, unbreathing,
petrification resistance, rot immunity, AC +4
a: no special abilities


You were on level 3 of the Dungeon.
You were not hungry.

You visited 1 branch of the dungeon, and saw 3 of its levels.

You collected 193 gold pieces.

Inventory:

Hand Weapons
 a - a +0 flail (weapon)
Missiles
 n - 38 sling bullets
Armour
 b - a +0 scale mail (worn)
 c - a +0 shield (worn)
 d - a +0 cloak of magic resistance (worn)
 j - a +0 pair of boots (worn)
Wands
 s - a wand of enslavement (12/24)
Scrolls
 e - a scroll of enchant weapon {unknown}
 i - 2 scrolls of remove curse {unknown}
 k - a scroll of teleportation {unknown}
 q - 2 scrolls of identify {unknown}
 r - a scroll of recharging {unknown}
Potions
 h - a potion of heal wounds
 l - 2 potions of brilliance {unknown}
 o - a potion of agility {unknown}
 p - a potion of haste {unknown}
 t - a potion of cancellation {unknown}
Comestibles
 f - a bread ration
 g - 12 chunks of flesh
 m - a meat ration


   Skills:
 + Level 4.8 Fighting
 + Level 3.5 Maces & Flails
 - Level 3.2 Armour
 * Level 3.3 Dodging
 - Level 3.2 Shields


You had 5 spell levels left.
You didn't know any spells.

Dungeon Overview and Level Annotations

Branches:
Dungeon (3/15)

Altars:
Dithmenos
Fedhas
Gozag
Kikubaaqudgha
Xom


Innate Abilities, Weirdness & Mutations

You are resistant to torment.
Your stone body is resilient. (AC +4)
You are immune to poison.
You resist negative energy. (rN+)
You are resistant to electric shocks. (rElec)
You can survive without breathing.
You are immune to petrification.
You are immune to rotting.


Message History

The orc warrior hits you with a war axe!
Your shield and scale mail prevent you from hitting the orc warrior.
The orc warrior is moderately wounded.
The orc priest shouts! x2
The orc priest looks encouraged for a moment.
The orc warrior hits you with a war axe!
You hit the orc warrior.
The orc warrior is heavily wounded.
The orc priest invokes the aid of Beogh against you.
Beogh smites you!
* * * LOW HITPOINT WARNING * * *
You block the orc warrior's attack.
You closely miss the orc warrior.
The orc warrior is heavily wounded.
The orc priest casts a cantrip, but nothing happens.
The orc warrior hits you with a war axe.
* * * LOW HITPOINT WARNING * * *
The orc priest calls down the wrath of Beogh upon you.
Beogh smites you!
You die...

###########. ##
#...>....... ##.##
#.########..
##.#.####>#### #.g
#.#..........#####.#
#...####.##.......#
##.#####.##.#######
#.##.............#
#@##.##...♣♣.###.#
#o# #...≈≈...#.# #o#
#.≈P≈P♣≈.#.#


#oo ..P≈≈.≈.≈P#.# #.. ##..≈≈≈≈≈P.... o..# #..≈.≈≈≈≈...# ...###..≈≈≈≈≈≈...#
##.......≈≈≈.≈...# .##.≈..≈≈P.#.# You could see an orc warrior, 2 orc priests
and 2 orcs.

Vanquished Creatures
  An ogre (D:3)
  A hound (D:3)
  Crazy Yiuf (D:2)
  4 gnolls (D:2)
  3 adders
  An ooze (D:1)
  2 worms
  3 dart slugs
  A leopard gecko (D:2)
  3 giant cockroaches
  6 goblins
  6 hobgoblins
  5 jackals
  5 bats
  3 frilled lizards
  5 kobolds
  7 rats
  A fungus (D:2)
58 creatures vanquished.

Vanquished Creatures (others)
  A plant (D:3)
1 creature vanquished.

Grand Total: 59 creatures vanquished

Notes
Turn   | Place    | Note
-------+----------+-------------------------------------------
     0 | D:1      | CanOfBees the Gargoyle Fighter began the quest for the Orb.
     0 | D:1      | Reached XP level 1. HP: 14/14 MP: 1/1
   166 | D:1      | Reached XP level 2. HP: 19/19 MP: 2/2
   299 | D:1      | Reached skill level 1 in Dodging
   299 | D:1      | Reached XP level 3. HP: 22/24 MP: 3/3
  1014 | D:2      | Reached skill level 4 in Fighting
  1014 | D:2      | Reached XP level 4. HP: 29/29 MP: 4/4
  1032 | D:2      | Found an opulent altar of Gozag.
  1469 | D:2      | Found a runed door.
  1474 | D:2      | Noticed Crazy Yiuf
  1479 | D:2      | Killed Crazy Yiuf
  1479 | D:2      | Reached XP level 5. HP: 33/33 MP: 5/5
  1626 | D:3      | Found a shimmering altar of Xom.
  1707 | D:3      | Noticed an ogre
  1707 | D:3      | Noticed an orc warrior
  2049 | D:3      | Found a shadowy altar of Dithmenos.
  2053 | D:3      | Found a blossoming altar of Fedhas.
  2064 | D:3      | Found an ancient bone altar of Kikubaaqudgha.
  2111 | D:3      | Killed an ogre
  2111 | D:3      | Reached XP level 6. HP: 40/40 MP: 6/6
  2196 | D:3      | HP: 1/40 [orc warrior/war axe (5)]
  2196 | D:3      | Killed from afar by an orc priest

Vault maps used:
D:1:      dpeg_arrival_long_road
D:2:      nicolae_gozag_cash_rules_everything_around_me, uniq_crazy_yiuf_cottage
D:3:      lemuel_crystal_altar, xom_redecorated, grunt_temple_overflow_diamond,
          serial_bayou_pond_b

Skill      XL: |  1  2  3  4  5 |
---------------+----------------+-----
Dodging        | 1 2 3 |  3.3
Fighting       | 4 |  4.8
Maces & Flails | 3 |  3.5
Armour         | |  3.2
Shields        | |  3.2

Action                   |  1- 3 |  4- 6 || total
-------------------------+-------+-------++-------
Melee: Flail             |    83 |   151 ||   234
  Use: Potion            |       |     1 ||     1
  Eat: Chunk             |       |     5 ||     5
Armor: Scale mail        |    42 |    88 ||   130
Dodge: Dodged            |    22 |    55 ||    77
Block: Shield            |    39 |    86 ||   125
